 Dungeon Crawl Stone Soup version 0.19.4-9-g45fd643 (webtiles) character file.

699 oplop the Chiller (level 7, -11/47 HPs)
             Began as an Octopode Ice Elementalist on Feb 20, 2017.
             Mangled by an orc warrior
             ... wielding a +0 halberd
              (19 damage)
             ... on level 6 of the Dungeon.
             The game lasted 00:13:22 (5516 turns).

oplop the Chiller (Octopode Ice Elementalist)       Turns: 5516, Time: 00:13:23

Health: -11/47     AC:  7    Str:  8    XL:     7   Next: 65%
Magic:  3/13       EV: 13    Int: 19    God:
Gold:   127        SH:  0    Dex: 14    Spells: 4 memorised, 2 levels left

rFire  . . .     SeeInvis .     (no weapon)
rCold  . . .     Gourm    .     (no shield)
rNeg   . . .     Faith    .     (helmet restricted)
rPois  .         Spirit   .     (no amulet)
rElec  .         Reflect  .     d - +2 ring of dexterity
rCorr  .         Harm     .     r - ring of protection from magic
MR     +....                    (no ring)
Stlth  +++.......               (no ring)
                                (no ring)
                                (no ring)
                                (no ring)
                                (no ring)

@: icy armour, very slightly contaminated, slow
A: almost no armour, stealthy swim, amphibious, 8 rings, constrict 8, camouflage
1, gelatinous body 1
a: no special abilities


You were on level 6 of the Dungeon.
You were hungry.

You visited 1 branch of the dungeon, and saw 7 of its levels.
You also visited: Ossuary.

You collected 423 gold pieces.
You spent 296 gold pieces at shops.

Inventory:

Armour
 y - a +1 buckler of reflection
Jewellery
 d - a +2 ring of dexterity (left tentacle)
 r - a ring of protection from magic (right tentacle)
Wands
 p - a wand of iceblast (7/15)
 t - a wand of flame (7/48)
 B - a wand of confusion (27/48)
 C - a wand of lightning (4/15)
Scrolls
 e - 4 scrolls of teleportation
 f - a scroll of fear {unknown}
 h - 4 scrolls of remove curse
 l - 2 scrolls of enchant weapon {unknown}
 m - 2 scrolls of noise {unknown}
 n - 3 scrolls of random uselessness {unknown}
 o - a scroll of enchant armour {unknown}
 q - 2 scrolls of magic mapping {unknown}
 u - a scroll of recharging {unknown}
 x - 2 scrolls of amnesia {unknown}
 E - a scroll of brand weapon {unknown}
Potions
 c - 4 potions of curing
 i - 2 potions of might
 k - 3 potions of flight
 v - a potion of agility
 w - 2 potions of lignification
 z - a potion of haste
Books
 a - a book of Frost

   Spells                             Type                      Level
   a - Freeze                         Ice                          1
   b - Throw Frost                    Conjuration/Ice              2
   c - Ozocubu's Armour               Charms/Ice                   3
   d - Throw Icicle                   Conjuration/Ice              4
   e - Summon Ice Beast               Ice/Summoning                4
Comestibles
 b - 4 bread rations
 g - 2 meat rations
 j - a slice of pizza
 s - a royal jelly


   Skills:
 + Level 3.7 Fighting
 - Level 2.0 Dodging
 - Level 2.6 Stealth
 + Level 4.0 Spellcasting
 + Level 3.0 Conjurations
 * Level 0.0 Summonings
 + Level 5.8 Ice Magic


You had 2 spell levels left.
You knew the following spells:

 Your Spells              Type           Power        Failure   Level  Hunger
a - Freeze                Ice            ####         1%          1    None
b - Ozocubu's Armour      Chrm/Ice       ###.....     14%         3    ###....
c - Throw Icicle          Conj/Ice       ###.....     28%         4    ####...
d - Summon Ice Beast      Ice/Summ       ###.....     50%         4    ####...


Dungeon Overview and Level Annotations

Branches:
Dungeon (7/15)             Temple (0/1) D:5

Altars:
Elyvilon
Kikubaaqudgha
Okawaru
Trog
Zin
The Shining One

Shops:
D:5 [   D:6 ?

Annotations:
D:3 exclusion: 2 doors, Sigmund
D:7 exclusion: hippogriff, Sagrath01's ghost, novice HESk


Innate Abilities, Weirdness & Mutations

You cannot wear most types of armour.
You are very stealthy in the water. (Stealth+)
You are amphibious.
You can wear up to eight rings at the same time.
You can use your tentacles to constrict eight enemies at once.
Your skin changes colour to match your surroundings (Stealth+).
Your rubbery body absorbs attacks. (AC +1, EV +1)


Message History

The spell is very dangerous to cast!
Continue anyway? [Y]es or [N]o only, please.
The spell is very dangerous to cast!
Continue anyway?
You miscast Summon Ice Beast.
You are very lightly contaminated with residual magic.
Nothing appears to happen.
You are feeling hungry.
The orc wizard barely misses you.
The orc wizard hits you but does no damage.
Drop what? 29/52 slots (_ for help) (? for menu, Esc to quit)
Okay, then.
Casting: Summon Ice Beast
Confirm with . or Enter, or press ? or * to list all spells.
The spell is very dangerous to cast!
Continue anyway?
You miscast Summon Ice Beast.
You are caught in a localised spatial distortion.
* * * LOW HITPOINT WARNING * * *
The orc wizard hits you but does no damage.
The orc warrior hits you from afar with a halberd!!
You die...

.........########.#........#.....
..................#.###.##.#.####
.........#######..#......#.#.#...
########'#### ##.#.#.#..#.#.#.##
#|........## #.#.#.#..#.#.#.#.
#.......<..# #.#.#.#..#.#.#.##
#..........# #.#.#.#..#.#.#.#.
###..........####o#.#.#.##.#.#.#.
..#.............@o....#....#.#.##
..#.........######o####.##.#.#...
..######.....................####
..#.......#########.###.##.######
..#.#####'#......<.............^.
..'.# #.................#.######
..### #.................#.# ###
#.................#.#
#.................#.#


You could see an orc warrior, an orc wizard and an orc.

Vanquished Creatures
  A centaur (D:5)
  2 scorpions
  2 crimson imps
  A hound (D:6)
  A centaur skeleton (D:5)
  Ijyb (D:2)
  A jelly (D:6)
  Jessica (D:2)
  A mummy (Ossuary)
  2 worker ants (D:5)
  A hound zombie (D:6)
  8 adders
  4 oozes
  2 adder zombies (D:5)
  An adder skeleton (D:4)
  2 worms (D:3)
  5 dart slugs
  2 leopard geckos
  5 orcs
  A ball python (D:6)
  4 giant cockroaches
  13 goblins
  3 hobgoblins
  9 jackals
  12 bats
  4 frilled lizards
  A jackal zombie (Ossuary)
  28 kobolds
  5 rats
123 creatures vanquished.

Vanquished Creatures (others)
  A withered plant (Ossuary)
1 creature vanquished.

Grand Total: 124 creatures vanquished

Notes
Turn   | Place    | Note
-------+----------+-------------------------------------------
     0 | D:1      | oplop the Octopode Ice Elementalist began the quest for the Orb.
     0 | D:1      | Reached XP level 1. HP: 11/11 MP: 3/3
   125 | D:1      | Reached XP level 2. HP: 11/18 MP: 0/5
   621 | D:1      | Reached XP level 3. HP: 17/22 MP: 3/6
  1000 | D:2      | Reached skill level 1 in Fighting
  1287 | D:2      | Reached skill level 4 in Ice Magic
  1369 | D:2      | Reached XP level 4. HP: 26/28 MP: 7/7
  1584 | D:2      | Found a glowing golden altar of the Shining One.
  1661 | D:2      | Noticed Jessica
  1717 | D:2      | Learned a level 3 spell: Ozocubu's Armour
  1730 | D:2      | Killed Jessica
  1758 | D:2      | Noticed Ijyb
  1836 | D:2      | Killed Ijyb
  1836 | D:2      | Reached XP level 5. HP: 29/34 MP: 2/9
  2862 | D:3      | Noticed Sigmund
  3009 | D:3      | Reached XP level 6. HP: 14/41 MP: 2/11
  3490 | D:4      | Reached skill level 5 in Ice Magic
  3705 | D:4      | Learned a level 4 spell: Throw Icicle
  3719 | D:5      | Entered Level 5 of the Dungeon
  3724 | D:5      | Found a white marble altar of Elyvilon.
  3735 | D:5      | Found an ancient bone altar of Kikubaaqudgha.
  3736 | D:5      | Found a bloodstained altar of Trog.
  3739 | D:5      | Found an iron altar of Okawaru.
  3740 | D:5      | Found a glowing silver altar of Zin.
  3803 | D:5      | Found a staircase to the Ecumenical Temple.
  3804 | D:5      | Found Jyery's Antique Armour Shoppe.
  3818 | D:5      | Bought a shiny buckler for 241 gold pieces
  4151 | D:5      | Reached XP level 7. HP: 40/46 MP: 4/12
  4282 | D:5      | Found a sand-covered staircase.
  4290 | Ossuary  | Entered an ossuary
  4922 | D:6      | Found Poemin's Magic Scroll Shop.
  4931 | D:6      | Bought a scroll of identify for 22 gold pieces
  4931 | D:6      | Bought a scroll of teleportation for 33 gold pieces
  5070 | D:5      | Learned a level 4 spell: Summon Ice Beast
  5158 | D:7      | Noticed a hand axe
  5240 | D:7      | Noticed a hippogriff
  5338 | D:7      | Noticed a hog
  5338 | D:7      | Noticed a hog
  5338 | D:7      | Noticed a hog
  5338 | D:7      | Noticed a human
  5339 | D:7      | Noticed a hog
  5451 | D:7      | Noticed Sagrath01's ghost (novice HESk)
  5516 | D:6      | Mangled by an orc warrior

Skill      XL: |  1  2  3  4  5  6  7 |
---------------+----------------------+-----
Fighting       | 1 2 3 |  3.7
Ice Magic      | 4 5 |  5.8
Spellcasting   | 3 4 |  4.0
Conjurations   | 2 3 |  3.0
Dodging        | |  2.0
Stealth        | |  2.6

Action                   |  1- 3 |  4- 6 |  7- 9 || total
-------------------------+-------+-------+-------++-------
Melee: Unarmed           |    77 |   173 |    65 ||   315
       Constrict         |    25 |    45 |    16 ||    86
       Tentacles         |    18 |    38 |    11 ||    67
 Cast: Freeze            |    14 |    56 |    11 ||    81
       Ozocubu's Armour  |       |     2 |     8 ||    10
  Use: Scroll            |       |       |     8 ||     8
 Stab: Sleeping          |    12 |    10 |     4 ||    26
       Distracted        |       |       |     1 ||     1
  Eat: Chunk             |     1 |     8 |       ||     9
       Beef jerky        |       |     1 |       ||     1
       Meat ration       |       |       |     1 ||     1
Armor: Skin              |    14 |    18 |    14 ||    46
Dodge: Dodged            |    53 |   142 |    53 ||   248
